 Dungeon Crawl Stone Soup version 0.28-a0-622-gbaef9634d7 (webtiles) character file.

Game seed: 9869912432571456333

46 siradein the Skirmisher (level 3, -4/33 HPs)
             Began as a Draconian Fighter on Oct 8, 2021.
             Slain by a kobold (5 damage)
             ... on level 3 of the Dungeon.
             The game lasted 00:03:11 (1989 turns).

siradein the Skirmisher (Draconian Fighter)         Turns: 1989, Time: 00:03:12

Health: -4/33      AC:  7    Str: 18    XL:     3   Next: 46%
Magic:  3/3        EV: 12    Int:  8    God:
Gold:   90         SH:  4    Dex: 11    Spells: 2/2 levels left

rFire   . . .      SeeInvis .   a - +0 long sword
rCold   . . .      Faith    .   b - +0 buckler
rNeg    . . .      Spirit   .   (armour unavailable)
rPois   .          Reflect  .   (helmet restricted)
rElec   .          Harm     .   (no cloak)
rCorr   .          Rampage  .   (no gloves)
Will    .....                   f - +1 pair of boots
Stlth   +.........              (no amulet)
HPRegen 0.11/turn               (no ring)
MPRegen 0.08/turn               (no ring)

@: no status effects
A: AC +5, unfitting armour, cold-blooded
a: no special abilities


You were on level 3 of the Dungeon.
You visited 1 branch of the dungeon, and saw 3 of its levels.

You collected 90 gold pieces.

Inventory:

Hand Weapons
 a - a +0 long sword (weapon)
Armour
 b - a +0 buckler (worn)
 f - a +1 pair of boots (worn)
Scrolls
 d - 2 scrolls of identify {unknown}
 g - a scroll of vulnerability {unknown}
 i - a scroll of enchant armour {unknown}
 j - a scroll of magic mapping {unknown}
Potions
 c - 2 potions of might
 e - a potion of degeneration {unknown}
 h - 3 potions of curing {unknown}
 k - a potion of brilliance {unknown}


   Skills:
 + Level 3.7 Fighting
 + Level 2.6 Long Blades
 + Level 3.1 Dodging
 + Level 3.4 Shields


You had 2 spell levels left.
You didn't know any spells.
Your spell library contained the following spells:

 Spells                   Type           Power      Damage    Failure   Level
 Sublimation of Blood     Necr           0%         N/A       56%         2
 Gell's Gravitas          Tloc           0%         N/A       80%         3
 Teleport Other           Tloc           0%         N/A       80%         3
 Olgreb's Toxic Radiance  Pois           0%         N/A       99%         4
 Petrify                  Tmut/Erth      0%         N/A       99%         4
 Irradiate                Conj/Tmut      0%         3d13      100%        5
 Dispersal                Tloc           0%         N/A       100%        6
 Ozocubu's Refrigeration  Ice            0%         4d5       100%        7
 Ignition                 Fire           0%         3d3       100%        8


Dungeon Overview and Level Annotations

Branches:
Dungeon (3/15)

Altars:

Annotations:
D:2 1 runed translucent door, Crazy Yiuf
D:3 Ijyb


Innate Abilities, Weirdness & Mutations

Your plain brown scales are hard. (AC +5)
You cannot fit into any form of body armour.
You are cold-blooded and may be slowed by cold attacks.


Message History

You hit Ijyb.
Ijyb is heavily wounded.
Ijyb hits you with a +0 club. The kobold misses you.
You closely miss Ijyb.
Your tail-slap misses Ijyb.
Ijyb is heavily wounded.
Ijyb hits you with a +0 club. You block the kobold's attack.
Ijyb hits you with a +0 club.
You closely miss Ijyb.
Your tail-slap misses Ijyb.
Ijyb is heavily wounded.
The kobold hits you but does no damage. Ijyb hits you but does no damage.
The kobold closely misses you. The rat barely misses you.
You hit Ijyb.
Your tail-slap misses Ijyb.
Ijyb is severely wounded.
Ijyb barely misses you. The kobold completely misses you.
The rat closely misses you.
You hit Ijyb.
Ijyb is almost dead.
Ijyb hits you but does no damage. The kobold hits you with a +0 whip.
* * * LOW HITPOINT WARNING * * *
You block the rat's attack.
You barely miss Ijyb.
Your tail-slap misses Ijyb.
Ijyb is almost dead.
Ijyb barely misses you. The kobold hits you but does no damage.
The rat barely misses you. Ijyb hits you but does no damage.
You barely miss Ijyb.
Your tail-slap misses Ijyb.
Ijyb is almost dead.
The rat closely misses you. The kobold hits you with a +0 whip.
* * * LOW HITPOINT WARNING * * *
Ijyb hits you with a +0 club.
* * * LOW HITPOINT WARNING * * *
You block the rat's attack. The kobold hits you but does no damage.
You closely miss Ijyb.
Ijyb is almost dead.
Ijyb hits you with a +0 club.
* * * LOW HITPOINT WARNING * * *
The kobold barely misses you. The rat closely misses you.
You closely miss Ijyb. You tail-slap Ijyb.
Ijyb is almost dead.
Ijyb closely misses you. The kobold hits you with a +0 whip.
You die...

....#...#..
.......#.###
#######
#.......#....
#.....##...
.# ###..
#<..........
....
#......#....
#....
#......#....
......
##...r.......
..#####
#....@..##..$
.. #...gK.##
#....###
#..... ###..#
####


You could see Ijyb, a kobold and a rat.

Vanquished Creatures
  2 adders
  4 ball pythons
  2 endoplasms (D:1)
  A giant cockroach (D:1)
  3 hobgoblins (D:1)
  4 quokkas
  2 bats
  2 frilled lizards
  2 goblins (D:1)
  3 kobolds (D:1)
  2 rats (D:1)
27 creatures vanquished.

Notes
Turn   | Place    | Note
-------+----------+-------------------------------------------
     0 | D:1      | siradein the Draconian Fighter began the quest for the Orb.
     0 | D:1      | Reached XP level 1. HP: 19/19 MP: 1/1
   298 | D:1      | Reached XP level 2. HP: 20/26 MP: 2/2
   565 | D:1      | Found a faded altar of an unknown god.
  1020 | D:2      | Reached XP level 3. HP: 27/33 MP: 3/3
  1693 | D:2      | Found a runed translucent door.
  1694 | D:2      | Noticed Crazy Yiuf
  1918 | D:3      | Noticed a black bear
  1973 | D:3      | Noticed Ijyb
  1988 | D:3      | HP: 1/33 [Ijyb (1)]
  1989 | D:3      | Slain by a kobold

Illustrated notes

Levels and vault maps discovered:
D:1:      lightli_arrival_flooded_house, layout_rooms,
          shapermc_ecumenical_altar_notcrosses
D:2:      layout_basic, wander_ebering_terrifying_dragon_lair,
          uniq_crazy_yiuf_cottage
D:3:      layout_rooms, mainiacjoe_overflow_small_starburst,
          hangedman_abyss_or_decor_stabs, uniq_jessica, uniq_ijyb

Skill      XL: |  1  2 |
---------------+-------+-----
Dodging        | 3 |  3.1
Fighting       | |  3.7
Long Blades    | |  2.6
Shields        | |  3.4

Action                   || total
-------------------------++-------
Melee: Long sword        ||    91
       Tailslap          ||    11
Armor: Skin              ||    33
Dodge: Dodged            ||    64
Block: Buckler           ||    19

Table legend: (Time is in decaauts)
 A = Elapsed time spent in this place.
 B = Non-inter-level travel time spent in this place.
 C = Inter-level travel time spent in this place.
 D = Time resting spent in this place.
 E = Time spent auto-exploring this place.
 F = Levels seen in this place.
 G = Mean time per level.
                   A        B        C        D        E       F      G
               +--------+--------+--------+--------+--------+-----+--------+
         Total |   2021 |   1959 |     62 |      0 |   1627 |   3 |  673.7 |
       Dungeon |   2021 |   1959 |     62 |      0 |   1627 |   3 |  673.7 |
               +--------+--------+--------+--------+--------+-----+--------+

Top non-repeatable levels by time:
     D:2: 1038 daAuts
     D:1: 902 daAuts
     D:3: 80 daAuts
